 Dungeon Crawl Stone Soup version 0.29.1-2-gbd0b4ee654 (webtiles) character file.

Game seed: 63541072999633276

20820 GeoRichter the Skirmisher (level 12, -7/66 HPs)
             Began as a Spriggan Hunter on Nov 4, 2022.
             Was a High Priest of Dithmenos.
             Mangled by a black mamba (16 damage)
             ... on level 3 of the Lair of Beasts.
             The game lasted 00:38:35 (15977 turns).

GeoRichter the Skirmisher (Spriggan Hunter)        Turns: 15977, Time: 00:38:35

Health: -7/66      AC:  5    Str:  9    XL:     12   Next: 48%
Magic:  13/13      EV: 26    Int:  8    God:    Dithmenos [*****.]
Gold:   680        SH:  0    Dex: 21    Spells: 11/11 levels left

rFire   . . .      SeeInvis +   a - +0 arbalest
rCold   . . .      Faith    .   (shield currently unavailable)
rNeg    + . .      Spirit   .   c - +0 robe
rPois   .          Reflect  .   m - +2 hat
rElec   .          Harm     .   d - +0 cloak {Will+}
rCorr   .          Rampage  .   (gloves unavailable)
Will    +++++      Rage     50% (boots unavailable)
Stlth   ++++++++..              J - necklace of Bloodlust {*Rage Will++ Int-3 Slay+6}
HPRegen 0.21/turn               F - ring of positive energy
MPRegen 0.13/turn               (no ring)

@: lethally poisoned (-7 -> -25), wreathed by umbra, very quick
A: very small, no large weapons, unfitting armour, see invisible, speed 3
a: Renounce Religion, Shadow Step, Shadow Form


You were on level 3 of the Lair of Beasts.
You worshipped Dithmenos.
Dithmenos was extremely pleased with you.
You visited 3 branches of the dungeon, and saw 13 of its levels.
You also visited: Ossuary and Gauntlet.

You collected 680 gold pieces.

Inventory:

Hand Weapons
 a - a +0 arbalest (weapon)
   (You took it off an orc warrior on level 9 of the Dungeon)
 b - the +6 dagger "Xamyoc" {speed, rPois Will+ Str-4}
   (You found it on level 4 of the Dungeon)

   Attacks with this weapon are significantly faster.
   Str:       It affects your strength (-4).
   rPois:     It protects you from poison.
   Will:      It increases your willpower.
Missiles
 z - 13 curare-tipped darts {!f}
 K - a throwing net {!f}
Armour
 c - a +0 robe (worn)
 d - a +0 cloak of willpower (worn)
   (You took it off Crazy Yiuf on level 2 of the Dungeon)
 m - a +2 hat (worn)
   (You took it off Gastronok on level 1 of the Lair of Beasts)
 n - the +1 hat of the First Snow {+Inv rN+}
   (You found it in a Gauntlet)

   rN:        It protects you from negative energy.
   +Inv:      It lets you turn invisible.
 s - a +0 buckler
   (You found it on level 3 of the Dungeon)
Jewellery
 g - an amulet of the acrobat
   (You found it on level 4 of the Dungeon)
 C - a ring of fire
   (You found it on level 6 of the Dungeon)
 F - a ring of positive energy (left hand)
   (You found it on level 7 of the Dungeon)
 G - an amulet of guardian spirit
   (You found it on level 7 of the Dungeon)
 J - the necklace of Bloodlust (around neck) {*Rage Will++ Int-3 Slay+6}
   (You found it on level 9 of the Dungeon)

   [amulet of nothing]

   It extends the wearer's berserk rage when killing foes.
   Int:       It affects your intelligence (-3).
   Slay:      It affects your accuracy & damage with ranged weapons and melee
   (+6).
   *Rage:     It berserks you when you make melee attacks (+50% chance).
   Will:      It greatly increases your willpower.
Wands
 w - a wand of polymorph (4)
   (You took it off Pikel on level 4 of the Dungeon)
 D - a wand of paralysis (20)
   (You found it on level 6 of the Dungeon)
 O - a wand of digging (5)
   (You took it off Sonja on level 1 of the Lair of Beasts)
Scrolls
 i - 7 scrolls of enchant armour
 k - 6 scrolls of teleportation {@r4}
 l - 3 scrolls of vulnerability {!r}
 q - a scroll of poison {!r}
 t - 2 scrolls of immolation {!r}
 x - 3 scrolls of magic mapping {unknown}
 y - a scroll of blinking {unknown}
 A - 4 scrolls of amnesia
 B - 3 scrolls of fog {unknown}
 N - a scroll of brand weapon {unknown}
Potions
 e - 5 potions of attraction {!q}
 f - 7 potions of curing {@q1}
 h - 6 potions of haste {@q3}
 j - 4 potions of flight
 o - a potion of berserk rage
 p - 2 potions of cancellation
 r - 3 potions of might
 u - 4 potions of mutation {!q}
 v - a potion of brilliance
 E - 2 potions of resistance
 H - 2 potions of lignification {!q}
 I - 2 potions of heal wounds {@q2}
 P - a potion of ambrosia {unknown}
Miscellaneous
 M - a tin of tremorstones (2/2)
   (You found it on level 1 of the Lair of Beasts)


   Skills:
 * Level 9.2 Fighting
 * Level 14.4 Ranged Weapons
 + Level 10.2 Dodging
 + Level 11.7 Stealth
 - Level 6.0 Evocations


You had 11 spell levels left.
You didn't know any spells.
Your spell library contained the following spells:

 Spells                   Type           Power      Damage    Failure   Level
 Apportation              Tloc           0%         N/A       41%         1
 Sandblast                Erth           0%         2d4       41%         1
 Shock                    Conj/Air       0%         1d3       41%         1
 Ensorcelled Hibernation  Hex/Ice        0%         N/A       54%         2
 Passwall                 Tmut/Erth      0%         N/A       54%         2
 Ozocubu's Armour         Ice            0%         N/A       78%         3
 Stone Arrow              Conj/Erth      0%         3d7       78%         3
 Swiftness                Air            0%         N/A       78%         3
 Airstrike                Air            0%         2d(0-16)  99%         4
 Alistair's Intoxication  Tmut/Pois      0%         N/A       100%        5
 Iskenderun's Battlesphe  Conj           0%         2d6       100%        5
 Iron Shot                Conj/Erth      0%         9d1       100%        6
 Malign Gateway           Summ/Tloc      0%         N/A       100%        7
 Ozocubu's Refrigeration  Ice            0%         4d7       100%        7
 Spellforged Servitor     Conj/Summ      0%         N/A       100%        7
 Summon Horrible Things   Summ           0%         N/A       100%        8


Dungeon Overview and Level Annotations

Branches:
Dungeon (9/15) Zot: 24915  Temple (1/1) D:5 Zot: 5820    Lair (3/5) D:9 Zot: 16034
Ossuary (visited)         Gauntlet (visited)
  Swamp: Lair:2-3    Shoals: Lair:2-3     Snake: Lair:2-3    Spider: Lair:2-3
    Orc: D:9-12

Altars:
Ashenzari
Cheibriados
Dithmenos
Elyvilon
Fedhas
Hepliaklqana
Kikubaaqudgha
Makhleb
Nemelex Xobeh
Okawaru
Qazlal
Ru
Sif Muna
Trog
Uskayaw
Vehumet
Wu Jian
Xom
Yredelemnul
Zin
The Shining One

Shops:
D:5 [   D:7 (

Annotations:
Lair:3 Nessos


Innate Abilities, Weirdness & Mutations

You are very small and have problems with some larger weapons.
You are too small for most types of armour.
You have supernaturally acute eyesight. (SInv)
You cover ground extremely quickly. (Speed+++)


Message History

You shoot a bolt. The bolt barely misses Nessos.
Nessos gestures wildly while chanting.
Nessos seems to speed up.
Nessos shoots an arrow.
The arrow completely misses you.
You shoot a bolt. The bolt barely misses Nessos.
Your shadow shoots a bolt.
The bolt hits Nessos.
Nessos mumbles some strange words.
Nessos blinks!
A black mamba comes into view.
Nessos shoots an arrow.
The arrow hits you! The arrow burns you.
The black mamba hisses angrily.
You shoot a bolt. The bolt hits Nessos!
Nessos casts a spell.
Nessos blinks!
Nessos shoots an arrow.
The arrow completely misses you.
You shoot a bolt. The bolt hits Nessos!!
Nessos stands on their hind legs for a moment.
Nessos unwields a +1 longbow of flaming.
It stops flaming.
Nessos completely misses you. Nessos barely misses you.
Nessos completely misses you. Nessos kicks you but does no damage.
You shoot a bolt.
The bolt hits Nessos but does no damage.
Nessos completely misses you. x2; Nessos misses you.
Nessos kicks you but does no damage. The black mamba misses you.
Nessos gestures wildly while chanting.
Nessos blinks!
You shoot a bolt. The bolt misses the black mamba.
Nessos wields a +1 longbow of flaming.
It bursts into flame!
Nessos shoots an arrow.
The arrow hits you! The arrow burns you.
You are poisoned.
The black mamba completely misses you.
Nessos shoots an arrow.
The arrow hits you!
* * * LOW HITPOINT WARNING * * *
The arrow burns you.
You are more poisoned.
* * * LOW HITPOINT WARNING * * *
The black mamba misses you.
* * * LOW HITPOINT WARNING * * *
You feel very sick.
An eight-headed hydra comes into view.
As you read the scroll labelled FYFYKL GITOCU, it crumbles to dust.
Your body is wracked with pain!
* * * LOW HITPOINT WARNING * * *
The black mamba convulses!
Nessos convulses!
The eight-headed hydra convulses!
The eight-headed hydra roars!
It was a scroll of torment.
* * * LOW HITPOINT WARNING * * *
You feel very sick.
Nessos mumbles some strange words.
Nessos blinks!
The black mamba bites you!
You die...

... ... ..# ..# .#
..# >.... ..##
..... #######...#
#...#####.P#..S...#
#............@...##
....^.....+..P....#
##.....#...#....#
#.....#...#.c.## .
##.........#...P#
.P#
#...........§.....
..##
##.....#...........
.#.#
#.....♣♣.D♣♣♣♣♣♣♣.
..#####....♣♣ ..~~


You could see Nessos (fast), an eight-headed hydra and a black mamba.

Vanquished Creatures
  Gastronok (Lair:1)
  Josephine (Lair:3)
  A boulder beetle (Lair:2)
  A hydra (Lair:3)
  Urug (Lair:3)
  Sonja (Lair:1)
  Amaemon (D:9)
  Pikel (D:4)
  5 elephants
  4 black mambas (Lair:2)
  An orange demon (D:9)
  5 cane toads
  Maggie (D:6)
  2 komodo dragons
  A rime drake (Lair:3)
  2 unseen horror zombies (D:9)
  A hornet (D:9)
  A wolf spider simulacrum (Gauntlet)
  4 blink frogs
  2 centaur simulacra (Gauntlet)
  5 wraiths
  11 yaks
  2 wyverns (Lair:1)
  A steam dragon (D:6)
  5 water moccasins
  A meliai simulacrum (Gauntlet)
  2 ice beasts
  A hornet zombie (D:9)
  8 orc warriors
  5 black bears
  3 ogres
  3 centaurs
  A lemure (D:4)
  2 kobold brigands (D:9)
  6 bullfrogs
  5 scorpions
  6 wights
  A hornet simulacrum (Gauntlet)
  2 howler monkeys (D:9)
  An electric eel (D:8)
  8 orc priests
  2 gnoll boudas
  A hound (D:7)
  2 jellies
  Terence (D:1)
  Crazy Yiuf (D:2)
  10 iguanas
  9 orc wizards
  A howler monkey zombie (D:9)
  A mummy (Ossuary)
  9 gnolls
  5 adders
  4 white imps
  An ufetubus (D:6)
  3 worms
  5 dart slugs
  80 orcs
  A spectral bat (Ossuary)
  6 ball pythons
  3 bats
  3 bat zombies (D:3)
  7 endoplasms
  2 giant cockroaches
  12 gnoll zombies (Ossuary)
  8 hobgoblins
  3 jackals (D:2)
  12 kobolds
  8 quokkas
  A bat simulacrum (Ossuary)
  4 frilled lizards
  9 goblins
  4 goblin simulacra (Ossuary)
  6 goblin zombies (Ossuary)
  4 hobgoblin zombies (Ossuary)
  3 kobold simulacra (Ossuary)
  3 kobold zombies (Ossuary)
  5 orc zombies (Ossuary)
  4 rats
  3 rat simulacra (Ossuary)
  A rat zombie (D:3)
  3 spectral goblins (Ossuary)
  3 spectral kobolds
  2 spectral rats (Ossuary)
371 creatures vanquished.

Vanquished Creatures (collateral kills)
  A cane toad (Lair:1)
1 creature vanquished.

Vanquished Creatures (others)
  26 fungi
  27 plants
  13 withered plants
66 creatures vanquished.

Grand Total: 438 creatures vanquished

Notes
Turn   | Place    | Note
-------+----------+-------------------------------------------
     0 | D:1      | GeoRichter the Spriggan Hunter began the quest for the Orb.
     0 | D:1      | Reached XP level 1. HP: 10/10 MP: 2/2
    87 | D:1      | Reached XP level 2. HP: 14/14 MP: 3/3
   113 | D:1      | Found a faded altar of an unknown god.
   675 | D:2      | Noticed Terence
   707 | D:1      | Killed Terence
   708 | D:1      | Reached skill level 5 in Ranged Weapons
   708 | D:1      | Reached XP level 3. HP: 14/18 MP: 4/4
   914 | D:2      | Reached XP level 4. HP: 22/22 MP: 5/5
  1012 | D:2      | Found a runed translucent door.
  1013 | D:2      | Noticed Crazy Yiuf
  1454 | D:2      | Killed Crazy Yiuf
  1455 | D:2      | Reached skill level 6 in Ranged Weapons
  2493 | D:3      | Reached XP level 5. HP: 25/25 MP: 6/6
  2496 | D:3      | Found an ancient bone altar of Kikubaaqudgha.
  2609 | D:4      | Noticed Pikel
  2609 | D:4      | Noticed a lemure
  2609 | D:4      | Noticed a lemure
  2609 | D:4      | Noticed a lemure
  2609 | D:4      | Noticed a lemure
  2644 | D:4      | Identified the +6 dagger "Xamyoc" {speed, rPois Will+
                  | Str-4}
  2768 | D:4      | Found a bloodstained altar of Trog.
  2854 | D:4      | Found a sand-covered staircase.
  2907 | Ossuary  | Entered an ossuary
  3578 | D:4      | Reached skill level 7 in Ranged Weapons
  3630 | D:4      | Noticed an ogre
  3639 | D:4      | Killed an ogre
  3640 | D:4      | Reached XP level 6. HP: 30/30 MP: 7/7
  3743 | D:4      | Killed Pikel
  3744 | D:4      | Reached skill level 9 in Ranged Weapons
  3744 | D:4      | Reached XP level 7. HP: 28/33 MP: 8/8
  4275 | D:5      | Entered Level 5 of the Dungeon
  4275 | D:5      | Found a staircase to the Ecumenical Temple.
  4293 | D:5      | Reached skill level 10 in Ranged Weapons
  4301 | Temple   | Entered the Ecumenical Temple
  4550 | Temple   | Became a worshipper of Dithmenos the Shadowed
  4609 | D:5      | Reached XP level 8. HP: 22/39 MP: 9/9
  4743 | D:5      | Found Caabborgh's Antique Armour Shop.
  5024 | D:5      | Identified the +5 hand axe of Bothragg {venom, rElec Str-2
                  | Int+4}
  5122 | D:5      | Reached * piety under Dithmenos
  5527 | D:6      | Noticed Maggie
  6283 | D:6      | Killed Maggie
  6284 | D:6      | Reached skill level 11 in Ranged Weapons
  6284 | D:6      | Reached skill level 5 in Stealth
  6284 | D:6      | Reached XP level 9. HP: 9/45 MP: 10/10
  6741 | D:6      | Reached skill level 5 in Dodging
  7143 | D:6      | Identified the +5 falchion of Impermanence {drain, Will+}
  7525 | D:7      | Found Puzacuox's Antique Weapon Shoppe.
  7555 | D:7      | Reached ** piety under Dithmenos
  7744 | D:7      | Found a radiant altar of Vehumet.
  8077 | D:7      | Found a hazy altar of Hepliaklqana.
  8131 | D:7      | Found an iron altar of Okawaru.
  8242 | D:8      | Reached skill level 1 in Evocations
  8622 | D:8      | Reached skill level 5 in Fighting
  9598 | D:8      | Reached *** piety under Dithmenos
  9891 | D:8      | Reached XP level 10. HP: 50/51 MP: 11/11
 10485 | D:9      | Found a glowing silver altar of Zin.
 10561 | D:9      | Reached skill level 12 in Ranged Weapons
 10684 | D:9      | Noticed Amaemon
 10684 | D:9      | Noticed an orange demon
 11080 | D:9      | Killed an orange demon
 11637 | D:9      | Found a staircase to the Lair.
 11960 | D:9      | Found a shimmering altar of Xom.
 12455 | D:9      | Killed Amaemon
 12455 | D:9      | Reached **** piety under Dithmenos
 12456 | D:9      | Reached skill level 5 in Evocations
 12618 | D:9      | Found the necklace of Bloodlust {*Rage Will++ Int-3 Slay+6}
 12727 | Lair:1   | Entered Level 1 of the Lair of Beasts
 12793 | Lair:1   | Noticed a cane toad
 12799 | Lair:1   | Killed a cane toad
 12800 | Lair:1   | Reached XP level 11. HP: 58/58 MP: 12/12
 12806 | Lair:1   | Found a gate leading to a gauntlet.
 12808 | Lair:1   | Noticed Gastronok
 12830 | Lair:1   | Killed Gastronok
 12847 | Gauntlet | Entered a Gauntlet
 12847 | Gauntlet | Noticed a catoblepas
 12847 | Gauntlet | Found a transporter.
 12847 | Gauntlet | Found a transporter.
 12847 | Gauntlet | Found a transporter.
 12848 | Gauntlet | Found a transporter.
 12852 | Gauntlet | Found a transporter.
 12854 | Gauntlet | Found a transporter.
 12859 | Gauntlet | Found a transporter.
 12860 | Gauntlet | Found a transporter.
 12861 | Gauntlet | Found a transporter.
 12863 | Gauntlet | Found a transporter.
 12867 | Gauntlet | Noticed a large abomination
 12871 | Gauntlet | Found a transporter.
 12876 | Gauntlet | Found a transporter.
 12876 | Gauntlet | Noticed a minotaur
 13551 | Gauntlet | Identified the +1 hat of the First Snow {+Inv rN+}
 13559 | Gauntlet | Identified the +12 plate armour of the Crypt {Slay+3}
 13573 | Gauntlet | Identified the +7 sling "Oschuasa" {flame, rElec rPois rN+
                  | Will+ Dex-5}
 13597 | Lair:1   | Reached skill level 13 in Ranged Weapons
 14320 | Lair:1   | Noticed Sonja
 14333 | Lair:1   | Killed Sonja
 14334 | Lair:1   | Reached skill level 10 in Stealth
 14867 | Lair:2   | Reached XP level 12. HP: 65/65 MP: 13/13
 14890 | Lair:2   | Found a hide-covered altar of Uskayaw.
 14890 | Lair:2   | Noticed a boulder beetle
 14892 | Lair:2   | Found an ornate altar of the Wu Jian Council.
 14903 | Lair:2   | Killed a boulder beetle
 15000 | Lair:2   | Reached skill level 14 in Ranged Weapons
 15832 | Lair:3   | Noticed Josephine
 15835 | Lair:3   | Killed Josephine
 15835 | Lair:3   | Reached ***** piety under Dithmenos
 15835 | Lair:3   | Noticed Urug
 15839 | Lair:3   | Killed Urug
 15840 | Lair:3   | Reached skill level 10 in Dodging
 15940 | Lair:3   | Noticed a seven-headed hydra
 15945 | Lair:3   | Killed a seven-headed hydra
 15968 | Lair:3   | Noticed Nessos
 15976 | Lair:3   | Noticed an eight-headed hydra
 15977 | Lair:3   | Mangled by a black mamba

Illustrated notes

Levels and vault maps discovered:
D:1:      tarquinn_simple_flora_water_d, layout_basic,
          dreamdust_ecumenical_altar_drowned_temple
D:2:      layout_basic, uniq_terence, uniq_crazy_yiuf_cottage
D:3:      layout_loops_corners, lemuel_zombie_altar_kikubaaqudgha,
          grunt_decor_arrowhead, hex_large
D:4:      minmay_bubble_buster, layout_cave_pools, lemuel_round_altar,
          enter_ossuary_5, serial_bayou_crossing, uniq_pikel
D:5:      layout_rooms, minmay_temple_entry_mini_moons, serial_shops,
          shop_fountains
D:6:      layout_rooms, dk_vineyard_3, uniq_maggie
D:7:      layout_loops_ring, nicolae_vehumet_altar_sigil,
          mainiacjoe_overflow_big_doors, serial_shops, shop
D:8:      layout_loops_cross, enter_bailey_5, special_room [special_room_orc],
          lightli_minifort
D:9:      layout_long_grid, zin_academy, lemuel_round_altar,
          grunt_lair_entry_orc_guard_hut, serial_undead, serial_undead_b,
          serial_undead_c, serial_undead_d, serial_undead_b, special_room
          [special_room_orc], hellmonk_guarded_unrand_vitality_bloodlust,
          uniq_amaemon
Temple:   eino_narrow_crystal_temple
Lair:1:   layout_chaotic_city, gauntlet_entry_generic,
          chequers_serial_rivers_micro_b, beast_lair_carwin_6, uniq_gastronok,
          uniq_sonja
Lair:2:   layout_hall_layers, nzn_masters_of_martial_movement,
          grunt_megastairs_4
Lair:3:   layout_chaotic_city, palyth_hydra_swamp_entry,
          nicolae_spider_entry_tight_spaces, patterned_corridor, uniq_nergalle,
          uniq_josephine, uniq_nessos, uniq_urug

Skill      XL: |  1  2  3  4  5  6  7  8  9 10 11 12 |
---------------+-------------------------------------+-----
Ranged Weapons | 5 6 7 9 10 11 12 13 14 | 14.4
Stealth        | 5 6 8 10 11 | 11.7
Dodging        | 4 6 7 9 10 | 10.2
Fighting       | 4 5 6 8 9 |  9.2
Evocations     | 2 5 6 |  6.0

Action                   |  1- 3 |  4- 6 |  7- 9 | 10-12 || total
-------------------------+-------+-------+-------+-------++-------
Melee: Dagger            |       |   106 |   208 |    78 ||   392
       Punch             |       |     1 |     4 |       ||     5
 Fire: Shortbow          |    67 |   157 |   362 |   206 ||   792
       Arbalest          |       |       |       |   296 ||   296
  Use: Scroll            |       |    10 |    10 |    11 ||    31
       Potion            |       |       |     2 |     1 ||     3
 Stab: Sleeping          |       |     5 |     2 |     2 ||     9
       Distracted        |       |     1 |     1 |     1 ||     3
Armor: Robe              |     7 |    11 |    12 |    16 ||    46
Dodge: Dodged            |    34 |    74 |   215 |   241 ||   564
